 Dungeon Crawl Stone Soup version 0.28-a0-925-gd5e1996cdb (webtiles) character file.

Game seed: 3606735611888862712

12118 AvatarAndi78 the Cleaver (level 11, -1/99 HPs)
             Began as a Minotaur Berserker on Nov 26, 2021.
             Was an Elder of Trog.
             Splashed by a brown ugly thing's acid (9 damage)
             ... on level 9 of the Dungeon.
             The game lasted 00:26:02 (7865 turns).

AvatarAndi78 the Cleaver (Minotaur Berserker)       Turns: 7865, Time: 00:26:03

Health: -1/99      AC: 17    Str: 24    XL:     11   Next: 58%
Magic:  10/10      EV: 10    Int:  4    God:    Trog [****..]
Gold:   484        SH:  0    Dex: 17    Spells: 10/10 levels left

rFire   . . .      SeeInvis .   l - +5 battleaxe
rCold   . . .      Faith    .   (shield currently unavailable)
rNeg    . . .      Spirit   .   s - +2 chain mail {Will+}
rPois   .          Reflect  +   (helmet restricted)
rElec   .          Harm     .   (no cloak)
rCorr   .          Rampage  .   n - +1 pair of gloves
Will    ++++.                   j - +0 pair of boots {Fly}
Stlth   ..........              t - amulet of reflection
HPRegen 1.26/turn               b - +6 ring of dexterity
MPRegen 0.12/turn               g - ring of willpower

@: confused, ambrosia-drunk, strong-willed (expiring), on berserk cooldown,
flying, regenerating (expiring), slowed, very slow
A: horns 2, retaliatory headbutt
a: Renounce Religion, Berserk, Trog's Hand, Brothers in Arms


You were on level 9 of the Dungeon.
You worshipped Trog.
Trog was greatly pleased with you.
You visited 2 branches of the dungeon, and saw 11 of its levels.
You also visited: Bailey.

You collected 484 gold pieces.

Inventory:

Hand Weapons
 c - a +0 vorpal trident
 e - a +6 hand axe
 l - a +5 battleaxe (weapon)
Missiles
 f - 39 boomerangs (quivered)
Armour
 j - a +0 pair of boots of flying (worn)
 n - a +1 pair of gloves (worn)
 r - a +2 ring mail of fire resistance
 s - a +2 chain mail of willpower (worn)
Jewellery
 a - a ring of see invisible
 b - a +6 ring of dexterity (left hand)
 d - an amulet of regeneration
 g - a ring of willpower (right hand)
 t - an amulet of reflection (around neck)
Wands
 i - a wand of paralysis (6)
 o - a wand of polymorph (7)
 u - a wand of flame (9)
 w - a wand of iceblast (6)
Scrolls
 h - a scroll of silence
 k - a scroll of magic mapping
Potions
 q - 2 potions of curing
 z - a potion of heal wounds


   Skills:
 + Level 10.0 Fighting
 + Level 9.4 Long Blades
 + Level 13.1 Axes
 + Level 4.0 Throwing
 + Level 10.6 Armour
 + Level 4.2 Dodging
 + Level 1.9 Stealth
 + Level 1.4 Shields
 + Level 0.6 Evocations


You had 10 spell levels left.
You didn't know any spells.
Your spell library was empty.

Dungeon Overview and Level Annotations

Branches:
Dungeon (10/15)            Temple (1/1) D:7            Lair (0/6) D:8
 Bailey (visited)
    Orc: D:9-12

Altars:
Elyvilon
Kikubaaqudgha
Makhleb
Ru
Sif Muna
Trog
Wu Jian


Innate Abilities, Weirdness & Mutations

You have a pair of horns on your head.
You reflexively headbutt those who attack you in melee.


Message History

Press: ? - help, Dir - move target
As you read the scroll of blinking, it crumbles to dust.
As you read the scroll of fog, it crumbles to dust.
The scroll dissolves into smoke.
Your skin crawls.
You feel strong-willed.
A two-headed ogre comes into view. It is wielding two +0 giant clubs.
The two-headed ogre moves out of view.
The two-headed ogre hits you with a +0 giant club!
* * * LOW HITPOINT WARNING * * *
The two-headed ogre closely misses you.
The boulder beetle leaps!
A brown ugly thing comes into view.
The two-headed ogre hits you with a +0 giant club!
* * * LOW HITPOINT WARNING * * *
The two-headed ogre hits you with a +0 giant club.
* * * LOW HITPOINT WARNING * * *
You are confused.
You feel invigorated.
You feel the effects of Trog's Hand fading.
The brown ugly thing gurgles horribly!
The two-headed ogre hits you but does no damage.
The two-headed ogre hits you with a +0 giant club!
* * * LOW HITPOINT WARNING * * *
You slice the brown ugly thing!!
Your headbutt misses the brown ugly thing.
The brown ugly thing is moderately wounded.
You closely miss the two-headed ogre. The brown ugly thing tail-slaps you.
* * * LOW HITPOINT WARNING * * *
You are splashed with acid.
* * * LOW HITPOINT WARNING * * *
The two-headed ogre completely misses you.
The two-headed ogre hits you with a +0 giant club!
* * * LOW HITPOINT WARNING * * *
You hit the two-headed ogre.
The two-headed ogre is lightly wounded.
You barely miss the brown ugly thing. The brown ugly thing tail-slaps you!
* * * LOW HITPOINT WARNING * * *
You are splashed with acid!
You die...

##..##..#.#.###§§§####.##.
.# ##### ..#.#. #§§§# #.#
# # .##.##.§.§§# #..
#####.## ######§##### #.#
........ #...#.....# ...
........ #.g#.### #.#
######.. ##cB...# .. #
##O#.## # #@#... # #u# ##.
# ... # ###.. # .#. # ####
# #.# # #.# # #.#


You could see a boulder beetle, a brown ugly thing, a two-headed ogre, a gnoll
sergeant and a centaur.

Vanquished Creatures
  A hydra (D:9)
  A two-headed ogre (D:9)
  3 death yaks (D:8)
  A flayed ghost (D:9)
  Joseph (D:8)
  Prince Ribbit (D:6)
  A slime creature (D:8)
  A wyvern (D:8)
  23 yaks
  Grum (D:9)
  A steam dragon (D:8)
  A water moccasin (D:5)
  The ghost of PirateVox the Chiller, an amateur KoIE (D:3)
  Duvessa (D:5)
  A hornet zombie (D:7)
  7 orc warriors
  An ice beast (D:7)
  A black bear (D:4)
  An ogre (D:6)
  A necrophage (D:4)
  3 centaurs
  2 wolves (D:9)
  A kobold brigand (D:3)
  3 bullfrogs
  2 scorpions
  A water moccasin zombie (D:5)
  Dowan (D:5)
  6 killer bees (D:9)
  16 wights
  An electric eel (D:8)
  A howler monkey (D:9)
  3 centaur zombies
  A bullfrog zombie (D:6)
  4 hounds
  3 jellies
  Ijyb (D:5)
  4 orc priests
  A bullfrog skeleton (D:4)
  An iguana (D:6)
  A hell rat (D:8)
  4 orc wizards
  A centaur simulacrum (D:9)
  A hound zombie (D:5)
  7 gnolls
  A howler monkey skeleton (D:5)
  2 adders
  A river rat (D:8)
  A shadow imp (D:7)
  2 worms
  43 orcs
  6 ball pythons
  9 bats
  7 endoplasms
  4 giant cockroaches
  6 goblins
  3 hobgoblins
  A jackal (D:1)
  27 kobolds
  7 quokkas
  4 frilled lizards
  9 rats
252 creatures vanquished.

Vanquished Creatures (others)
  3 fungi (D:3)
  3 plants
6 creatures vanquished.

Grand Total: 258 creatures vanquished

Notes
Turn   | Place    | Note
-------+----------+-------------------------------------------
     0 | D:1      | AvatarAndi78 the Minotaur Berserker began the quest for the
                  | Orb.
     0 | D:1      | Reached XP level 1. HP: 19/19 MP: 0/0
   307 | D:1      | Reached XP level 2. HP: 23/27 MP: 1/1
   317 | D:1      | Reached skill level 4 in Axes
   789 | D:1      | Found a faded altar of an unknown god.
  1212 | D:2      | Reached XP level 3. HP: 6/34 MP: 2/2
  2360 | D:3      | Reached ** piety under Trog
  2436 | D:3      | Reached XP level 4. HP: 40/41 MP: 3/3
  2516 | D:3      | Reached skill level 5 in Axes
  2648 | D:3      | Found a runed translucent gate.
  2648 | D:3      | Found a runed translucent gate.
  2649 | D:3      | Found a runed translucent gate.
  2650 | D:3      | Noticed PirateVox's ghost (amateur KoIE)
  2650 | D:3      | Noticed a kobold brigand
  2678 | D:3      | Found a burning altar of Makhleb.
  2680 | D:3      | Noticed a blizzard demon
  2684 | D:3      | Noticed a hellwing
  2684 | D:3      | Noticed a smoke demon
  2822 | D:4      | Reached XP level 5. HP: 38/47 MP: 4/4
  2855 | D:4      | Noticed a black bear
  2860 | D:4      | Killed a black bear
  2861 | D:4      | Reached skill level 5 in Fighting
  2861 | D:4      | Reached skill level 6 in Axes
  2905 | D:4      | Reached skill level 1 in Stealth
  2943 | D:4      | Reached XP level 6. HP: 54/56 MP: 5/5
  3016 | D:4      | Reached skill level 7 in Axes
  3250 | D:5      | Entered Level 5 of the Dungeon
  3263 | D:5      | Reached XP level 7. HP: 55/62 MP: 6/6
  3287 | D:5      | Noticed Ijyb
  3291 | D:5      | Killed Ijyb
  3326 | D:5      | Reached *** piety under Trog
  3381 | D:5      | Reached skill level 8 in Axes
  3527 | D:5      | Reached skill level 1 in Long Blades
  3527 | D:5      | Reached skill level 5 in Armour
  3527 | D:5      | Reached XP level 8. HP: 71/71 MP: 7/7
  3594 | D:5      | Found an ancient bone altar of Kikubaaqudgha.
  3806 | D:5      | Noticed Dowan
  3807 | D:5      | Found a shimmering blue altar of Sif Muna.
  3811 | D:5      | Killed Dowan
  3812 | D:5      | Noticed Duvessa
  3822 | D:5      | Killed Duvessa
  3861 | D:5      | Found a bloodstained altar of Trog.
  4264 | D:6      | Noticed Prince Ribbit
  4275 | D:6      | Killed Prince Ribbit
  4276 | D:6      | Reached skill level 5 in Long Blades
  4705 | D:6      | Reached skill level 9 in Axes
  4707 | D:6      | Reached XP level 9. HP: 79/79 MP: 8/8
  4949 | D:7      | Reached skill level 1 in Throwing
  4964 | D:7      | Found a staircase to the Ecumenical Temple.
  4970 | Temple   | Entered the Ecumenical Temple
  5029 | D:7      | Found a flagged portal.
  5038 | Bailey   | Entered a bailey
  5138 | Bailey   | Reached XP level 10. HP: 10/88 MP: 9/9
  5215 | Bailey   | Found a bloodstained altar of Trog.
  5422 | D:7      | Reached **** piety under Trog
  5436 | D:7      | Found a sacrificial altar of Ru.
  5874 | D:3      | Killed PirateVox's ghost
  5992 | D:8      | Reached skill level 10 in Axes
  6196 | D:8      | Found a staircase to the Lair.
  6198 | D:8      | Noticed a death yak
  6200 | D:8      | Noticed a death yak
  6200 | D:8      | Noticed a death yak
  6224 | D:8      | Killed a death yak
  6224 | D:8      | Killed a death yak
  6225 | D:8      | Reached skill level 11 in Axes
  6229 | D:8      | Killed a death yak
  6230 | D:8      | Reached skill level 10 in Armour
  6230 | D:8      | Reached XP level 11. HP: 67/97 MP: 10/10
  6303 | D:8      | You are sucked into a shaft and drop 2 floors!
  6303 | D:10     | Entered Level 10 of the Dungeon
  6773 | D:8      | Reached skill level 12 in Axes
  6872 | D:8      | Noticed Joseph
  6882 | D:8      | Killed Joseph
  7213 | D:9      | Noticed a flayed ghost
  7242 | D:9      | Killed a flayed ghost
  7389 | D:9      | Found an ornate altar of the Wu Jian Council.
  7482 | D:9      | Noticed Grum
  7488 | D:9      | Killed Grum
  7622 | D:9      | Reached skill level 1 in Shields
  7823 | D:9      | Noticed a boulder beetle
  7824 | D:9      | Noticed a four-headed hydra
  7830 | D:9      | Noticed a two-headed ogre
  7840 | D:9      | Killed a two-headed ogre
  7848 | D:9      | Killed a ten-headed hydra
  7849 | D:9      | Reached skill level 10 in Fighting
  7849 | D:9      | Reached skill level 13 in Axes
  7857 | D:9      | Noticed a two-headed ogre
  7862 | D:9      | Noticed a brown ugly thing
  7865 | D:9      | Splashed by a brown ugly thing's acid

Illustrated notes

Levels and vault maps discovered:
D:1:      eino_arrival_cavern_a, layout_basic, ebering_ecumenical_altar_rust,
          minmay_heptomino_w4
D:2:      layout_basic
D:3:      layout_rooms, makhleb_altar_promises_db, gammafunk_ghost_nasty_kobolds
D:4:      layout_rooms, chequers_serial_rivers_micro_e, chequers_jeans
D:5:      cheibrodos_helix_gallery, layout_loops_ring,
          nzn_overflow_gifts_of_might_and_magic, general_overflow_altar,
          minmay_holes, grunt_ministairs_10, amcnicky_mini_rare_corridor_liquid,
          kennysheep_generic_room_15, uniq_ijyb
D:6:      layout_basic, uniq_prince_ribbit1
D:7:      layout_rooms, mainiacjoe_overflow_tiny_flanked,
          minmay_temple_entry_gardened_gates, enter_bailey_2, hex_tiny
D:8:      layout_gridville, dpeg_lair_monsters, st_stairs_14,
          serial_bayou_ford_a, uniq_joseph
D:9:      minmay_the_grid_net [minmay_the_grid_outer_circle,
          minmay_the_grid_mess, minmay_the_grid_fan, minmay_the_grid_box_x,
          minmay_the_grid_eight, minmay_the_grid_prize_diamond_cup],
          layout_long_grid, gammafunk_temple_overflow_claw,
          mainiacjoe_overflow_24_doors, overflow_temple_1_default, uniq_grum
D:10:     layout_stronghold, serial_shops, shop, grunt_decor_mini_mirrors,
          minmay_crystal_room, kennysheep_windowed_goal
Temple:   hc_temple_tempest_star

Skill      XL: |  1  2  3  4  5  6  7  8  9 10 11 |
---------------+----------------------------------+-----
Fighting       | 4 5 6 7 8 9 10 | 10.0
Axes           | 4 5 6 7 8 9 11 13 | 13.1
Armour         | 3 4 5 6 8 10 | 10.6
Stealth        | 1 |  1.9
Long Blades    | 1 6 8 9 |  9.4
Dodging        | 3 4 |  4.2
Throwing       | 1 3 4 |  4.0
Shields        | 1 |  1.4
Evocations     | |  0.6

Action                   |  1- 3 |  4- 6 |  7- 9 | 10-12 || total
-------------------------+-------+-------+-------+-------++-------
Melee: Hand axe          |    94 |    94 |    69 |    36 ||   293
       Headbutt          |    15 |    20 |    46 |    52 ||   133
       Great sword       |       |       |    99 |       ||    99
       Battleaxe         |       |       |       |   166 ||   166
Throw: Boomerang         |       |       |    30 |    21 ||    51
       Javelin           |       |       |       |    12 ||    12
Invok: Berserk           |     2 |     1 |     6 |     4 ||    13
       Trog's Hand       |       |       |     3 |     3 ||     6
       Brothers in Arms  |       |       |       |     1 ||     1
Evoke: Wand              |       |       |       |     5 ||     5
  Use: Potion            |     6 |       |     1 |     2 ||     9
       Scroll            |     2 |     1 |     3 |     5 ||    11
 Stab: Distracted        |       |       |       |     1 ||     1
Armor: Animal skin       |    11 |       |       |       ||    11
       Plate armour      |    13 |    78 |   123 |       ||   214
       Chain mail        |       |       |       |   103 ||   103
Dodge: Dodged            |    59 |    29 |    76 |   131 ||   295
Block: Other             |       |       |       |    27 ||    27
       Reflection        |       |       |       |     5 ||     5

Table legend: (Time is in decaauts)
 A = Elapsed time spent in this place.
 B = Non-inter-level travel time spent in this place.
 C = Inter-level travel time spent in this place.
 D = Time resting spent in this place.
 E = Time spent auto-exploring this place.
 F = Levels seen in this place.
 G = Mean time per level.
                   A        B        C        D        E       F      G
               +--------+--------+--------+--------+--------+-----+--------+
         Total |   8059 |   7682 |    377 |      0 |   5949 |  12 |  671.6 |
       Dungeon |   7690 |   7323 |    367 |      0 |   5753 |  10 |  769.0 |
        Temple |     67 |     57 |     10 |      0 |     54 |   1 |   67.0 |
        Bailey |    302 |    302 |      0 |      0 |    142 |   1 |  302.0 |
               +--------+--------+--------+--------+--------+-----+--------+

Top non-repeatable levels by time:
     D:2: 1376 daAuts
     D:8: 1288 daAuts
     D:1: 1015 daAuts
     D:5: 923 daAuts
     D:6: 858 daAuts
     D:9: 614 daAuts
     D:7: 591 daAuts
     D:3: 512 daAuts
     D:4: 501 daAuts
  Bailey: 302 daAuts
  Temple: 67 daAuts
    D:10: 6 daAuts
